 Dungeon Crawl Stone Soup version 0.18-a0-1140-g8540535 (webtiles) character file.

35 namelastname112 the Charlatan (level 3, 12/28 HPs)
             Began as a Draconian Artificer on Jan 22, 2016.
             Was a Follower of Vehumet.
             Quit the game on level 2 of the Dungeon.
             The game lasted 00:01:20 (734 turns).

namelastname112 the Charlatan (Draconian Artificer)  Turns: 734, Time: 00:01:20

Health: 12/28      AC:  5    Str: 13    XL:     3   Next: 16%
Magic:  5/5        EV: 12    Int: 12    God:    Vehumet [*.....]
Gold:   67         SH:  0    Dex: 12    Spells: 0 memorised, 2 levels left

rFire  . . .     SeeInvis .     a - +0 short sword
rCold  . . .     Gourm    .     (armour unavailable)
rNeg   . . .     Faith    .     (no shield)
rPois  .         Spirit   .     (helmet restricted)
rElec  .         Dismiss  .     (no cloak)
rCorr  .         Reflect  .     (no gloves)
SustAt +         Harm     .     (no boots)
MR     .....                    (no amulet)
Stlth  +.........               (no ring)
                                i - ring of sustain attributes

@: not resistant to hostile enchantments, very unstealthy
A: unfitting armour, cold-blooded, AC +5
a: Renounce Religion


You were on level 2 of the Dungeon.
You worshipped Vehumet.
Vehumet was aware of your devotion.
You were not hungry.

You visited 1 branch of the dungeon, and saw 2 of its levels.

You collected 67 gold pieces.

Inventory:

Hand Weapons
 a - a +0 short sword (weapon)
Jewellery
 i - a ring of sustain attributes (left hand)
Wands
 b - a wand of flame (15/48)
 c - a wand of enslavement (15/24)
 d - a wand of random effects (15/48)
Scrolls
 g - a scroll of fear {unknown}
 h - 2 scrolls of identify {unknown}
 j - a scroll of amnesia {unknown}
 k - a scroll of teleportation {unknown}
 l - 3 scrolls of blinking {unknown}
 o - a scroll of remove curse {unknown}
Potions
 e - a potion of curing {unknown}
 n - 2 potions of invisibility {unknown}
Comestibles
 f - a bread ration
 m - a slice of pizza


   Skills:
 - Level 1.1 Fighting
 - Level 1.0 Short Blades
 - Level 1.7 Dodging
 - Level 0.8 Stealth
 * Level 2.8 Unarmed Combat
 - Level 3.0 Evocations


You had 2 spell levels left.
You didn't know any spells.

Dungeon Overview and Level Annotations

Branches:
Dungeon (2/15)

Altars:
Vehumet


Innate Abilities, Weirdness & Mutations

Your plain brown scales are hard (AC +5).
Your body does not fit into most forms of armour.
You are cold-blooded and may be slowed by cold attacks.


Message History

You hit the worm.
The worm is heavily wounded.
The worm misses you.
You hit the worm.
The worm is severely wounded.
The worm misses you.
You hit the worm.
The worm is almost dead.
You hit the worm.
You kill the worm!
No target in view!
There is a faded altar to an unknown god here.
This altar will convert you to a god.
You cannot discern which.
Do you pray?
Okay, then.
This altar will convert you to a god.
You cannot discern which.
Do you pray? Vehumet accepts your prayer! Vehumet welcomes you!
You can now gain magical power from killing.
Vehumet offers you knowledge of Magic Dart.
Are you sure you want to abandon this character and quit the game? (Confirm with "yes".)

...### ....# #
.... #. #.. ##..
#†# ..... ####.###
#....%#..†...##
#.........#...#
######†..#@#......
###..#..#####
#.....# #######


There were no monsters in sight!

Vanquished Creatures
  2 oozes (D:1)
  A worm (D:2)
  6 bats (D:1)
  A giant cockroach (D:1)
  2 goblins (D:1)
  7 hobgoblins
  2 giant newts (D:1)
  2 rats
23 creatures vanquished.

Notes
Turn   | Place    | Note
--------------------------------------------------------------
     0 | D:1      | namelastname112 the Draconian Artificer began the quest for the Orb.
     0 | D:1      | Reached XP level 1. HP: 16/16 MP: 3/3
    41 | D:1      | Reached skill level 1 in Unarmed Combat
    55 | D:1      | Reached XP level 2. HP: 12/23 MP: 4/4
   581 | D:1      | Reached XP level 3. HP: 26/28 MP: 5/5
   713 | D:2      | Found a faded altar to an unknown god.
   734 | D:2      | Became a worshipper of Vehumet
   734 | D:2      | Reached * piety under Vehumet
   734 | D:2      | Offered knowledge of Magic Dart by Vehumet.
   734 | D:2      | Quit the game

Vault maps used:
D:1:      saegor_arrival_simple_d
D:2:      nemelex_altar_shiori, ecumenical_altar_1

Action                   || total
-------------------------++-------
Melee: Short sword       ||    83
 Stab: Sleeping          ||     1
